 Dungeon Crawl Stone Soup version 0.31-a0-237-g2d982f9f85 (webtiles) character file.

Game seed: 11216194305666555302

102 Iniera the Chopper (level 4, -3/35 HPs)
             Began as a Vampire Gladiator on July 11, 2023.
             Slain by an orc
             ... wielding a +0 trident
              (7 damage)
             ... on level 3 of the Dungeon.
             The game lasted 00:04:56 (1916 turns).

Iniera the Chopper (Vampire Gladiator)              Turns: 1916, Time: 00:04:57

Health: -3/35      AC:  9    Str: 15    XL:     4   Next: 50%
Magic:  4/4        EV: 10    Int: 10    God:
Gold:   169        SH:  0    Dex: 15    Spells: 3/3 levels left

rFire   . . .        a - +0 war axe
rCold   . . .        (no shield)
rNeg    . . .        f - +0 scale mail
rPois   .            c - +0 helmet
rElec   .            (no cloak)
rCorr   .            h - +1 pair of gloves
SInv    +            (no boots)
Will    .....        (no amulet) Stlth
                     (no ring)
HPRegen 0.45/turn    (no ring)
MPRegen 0.09/turn

%: no passive effects
@: brilliant, healing quickly, studying Fighting
A: alive, fangs 3, see invisible, vampiric 2
a: Exsanguinate


You were on level 3 of the Dungeon.
You visited 1 branch of the dungeon, and saw 3 of its levels.

You collected 169 gold pieces.

Inventory:

Hand Weapons
 a - a +0 war axe (weapon)
Missiles
 d - 3 throwing nets (quivered)
 e - 7 javelins
Armour
 c - a +0 helmet (worn)
 f - a +0 scale mail (worn)
 h - a +1 pair of gloves (worn)
Jewellery
 n - an amulet of faith
Wands
 m - a wand of iceblast (8)
Scrolls
 g - a scroll of blinking
Potions
 l - a potion of berserk rage {unknown}


   Skills:
 + Level 3.3 Fighting
 * Level 4.1 Axes
 - Level 2.0 Throwing
 - Level 3.2 Dodging


You had 3 spell levels left.
You didn't know any spells.
Your spell library contained the following spells:

 Spells                   Type           Power      Damage    Failure   Level
 Blink                    Tloc           0%         N/A       94%         2
 Lesser Beckoning         Tloc           0%         N/A       94%         2
 Momentum Strike          Conj/Tloc      0%         3d8       94%         2


Dungeon Overview and Level Annotations

Branches:
Dungeon (3/15)

Altars:

Annotations:
D:3 2 transporters, BillyBaka's ghost, amateur VSMo


Innate Abilities, Weirdness & Mutations

Your natural rate of healing is accelerated.
You have razor-sharp teeth.
You have supernaturally acute eyesight. (SInv)
You are afflicted with vampirism and can become a bat while bloodless.


Message History

You kill the orc!
You closely miss the orc. The orc barely misses you.
The orc priest mumbles some strange prayers to Beogh against you.
Beogh smites you!
The orc priest looks braver for a moment.
The orc hits you with a +0 short sword.
The orc hits you from afar with a +0 trident.
You are too injured to fight recklessly!
You are too injured to fight recklessly!
You are too injured to fight recklessly!
You are too injured to fight recklessly!
You are too injured to fight recklessly!
You are too injured to fight recklessly!
You are too injured to fight recklessly!
You are too injured to fight recklessly!
You are too injured to fight recklessly!
You are too injured to fight recklessly!
You are too injured to fight recklessly!
You are too injured to fight recklessly!
You are too injured to fight recklessly!
You are too injured to fight recklessly!
You are too injured to fight recklessly!
You barely miss the orc. The orc hits you with a +0 short sword.
You slash the orc!
You kill the orc!
You hit the orc. You bite the orc.
The orc is almost dead.
You closely miss the orc. You barely miss the orc.
The orc closely misses you. x2
The orc misses you. The orc hits you with a +0 trident.
You closely miss the orc. You barely miss the orc. The orc barely misses you.
The orc priest invokes the aid of Beogh against you.
Beogh smites you!
* * * LOW HITPOINT WARNING * * *
The orc barely misses you.
It was a potion of cancellation.
You feel magically purged. The orc hits you but does no damage.
The orc barely misses you.
It was a potion of brilliance.
You feel clever all of a sudden. The orc hits you with a +0 trident!
You die...

#.#..#.#.#
#####.#..#.#.#
#>............ ##
#.....##.....# .o
#.##...#.#.#.#
#.#####.###.........
#o#..............<..
#o#......##.####.###
#)#@.....##.####.##.
#.oo..............#.
####..............#.
####...........#.
#.###.####.### #.#
#.# #†#
#.###.####.###
#.##..........
#.##..........


You could see 2 orcs.

Vanquished Creatures
  3 adders
  2 worms
  5 orcs (D:3)
  2 ball pythons
  6 bats
  3 endoplasms (D:1)
  2 giant cockroaches
  5 goblins
  7 hobgoblins
  7 jackals
  5 kobolds
  4 quokkas
  2 frilled lizards
  3 rats
56 creatures vanquished.

Notes
Turn   | Place    | Note
-------+----------+-------------------------------------------
     0 | D:1      | Iniera the Vampire Gladiator began the quest for the Orb.
     0 | D:1      | Reached XP level 1. HP: 16/16 MP: 1/1
   113 | D:1      | Reached skill level 3 in Axes
   113 | D:1      | Reached XP level 2. HP: 22/22 MP: 2/2
   765 | D:1      | Gained mutation: You are afflicted with vampirism and can
                  | become a bat while bloodless. [Vampire growth]
   765 | D:1      | Reached XP level 3. HP: 27/28 MP: 3/3
  1373 | D:3      | Reached XP level 4. HP: 34/35 MP: 4/4
  1564 | D:3      | Noticed BillyBaka's ghost (amateur VSMo)
  1569 | D:3      | Found a transporter.
  1576 | D:3      | Reached skill level 4 in Axes
  1629 | D:3      | Found a transporter.
  1631 | D:3      | Noticed a necrophage
  1916 | D:3      | Slain by an orc

Illustrated notes

Levels and vault maps discovered:
D:1:      dpeg_arrival_windows_large_door, layout_loops_cross, serial_forest,
          infiniplex_forest_fountain, infiniplex_forest_end_3,
          infiniplex_forest_corner_2, infiniplex_forest_clump_long,
          infiniplex_forest_lined_2, infiniplex_forest_join,
          infiniplex_forest_zigzag_1, infiniplex_forest_corner_1,
          infiniplex_forest_lined_2, infiniplex_forest_end_2
D:2:      layout_rooms
D:3:      layout_basic, dreamdust_ecumenical_altar_angels_and_demons,
          gammafunk_ghost_mausoleum

Skill      XL: |  1  2  3  4 |
---------------+-------------+-----
Fighting       | 2 3 |  3.3
Axes           | 3 4 |  4.1
Throwing       | 2 |  2.0
Dodging        | |  3.2

Action                     |  1- 3 |  4- 6 || total
---------------------------+-------+-------++-------
  Melee: War axe           |   130 |    35 ||   165
         Bite              |     7 |     5 ||    12
    Use: Scroll            |       |     4 ||     4
         Potion            |       |     2 ||     2
 Armour: Leather armour    |     2 |       ||     2
         Scale mail        |    76 |    12 ||    88
  Dodge: Dodged            |    93 |    17 ||   110

Table legend: (Time is in decaauts)
 A = Elapsed time spent in this place.
 B = Non-inter-level travel time spent in this place.
 C = Inter-level travel time spent in this place.
 D = Time resting spent in this place.
 E = Time spent auto-exploring this place.
 F = Levels seen in this place.
 G = Mean time per level.
                   A        B        C        D        E       F      G
               +--------+--------+--------+--------+--------+-----+--------+
         Total |   1969 |   1905 |     64 |      0 |   1486 |   3 |  656.3 |
       Dungeon |   1969 |   1905 |     64 |      0 |   1486 |   3 |  656.3 |
               +--------+--------+--------+--------+--------+-----+--------+

Top non-repeatable levels by time:
     D:1: 858 daAuts
     D:3: 616 daAuts
     D:2: 494 daAuts
